Map: 锈化山巅-天梯版

Players

wanted

  • Race: Zerg Zerg

Cyan - Winner!

  • Race: Protoss Protoss
  • League: Master

Event: DreamHack SC2 Masters 2020 Winter

VOD

Have the link to the VOD?

Description

Time

  • Played on: Oct. 16, 2020, 8:41 a.m.
  • Length: 11:06

All games in this series

Show
View Real Time Build Order
Export as new Build Order

wanted Zerg 

Build Orders: Hatch First 

Get SALT Encoding   

  12  0:00  Drone  
  13  0:08  Drone  
  14  0:16  Overlord  
  14  0:22  Extractor  
  14  0:23  Drone  
  15  0:35  Drone  
  16  0:49  Drone x2  
  18  0:58  Drone, Hatchery  
  18  1:05  Extractor  
  17  1:13  Spawning Pool  
  17  1:15  Drone  
  17  1:18  Drone  
  18  1:26  Drone  
  19  1:39  Drone  
  20  1:48  Overlord  
  20  1:58  Drone  
  21  2:06  Queen  
  23  2:10  Queen, Zergling x2  
  23  2:11  Zergling x2  
  23  2:12  Metabolic Boost  
  27  2:21  Drone x2  
  29  2:38  Hatchery  
  29  2:39  Zergling x2  
  29  2:46  Queen  
  29  2:47  Drone x2  
  32  2:54  Overlord  
  32  3:03  Spore Crawler  
  32  3:06  Drone x3  
  35  3:14  Drone x4  
  39  3:24  Drone x2  
  41  3:27  Spore Crawler  
  41  3:32  Queen  
  42  3:34  Overlord  
  42  3:35  Overlord  
  42  3:36  Drone  
  43  3:47  Overlord  
  43  3:50  Drone  
  43  3:51  Drone x4  
  48  3:56  Drone  
  48  3:58  Drone, Roach Warren  
  48  4:00  Drone  
  48  4:01  Drone  
  51  4:04  Drone x2  
  53  4:10  Spine Crawler  
  53  4:13  Queen  
  53  4:16  Zergling x4  
  56  4:18  Zergling x2  
  56  4:21  Zergling x4  
  59  4:26  Extractor  
  59  4:28  Overlord  
  59  4:31  Spore Crawler  
  57  4:33  Zergling x8  
  61  4:40  Overlord x2  
  65  4:45  Roach x2  
  65  4:47  Roach x2  
  65  4:52  Zergling x2  
  70  4:57  Zergling x8  
  74  5:04  Spore Crawler  
  74  5:05  Zergling x2  
  74  5:06  Zergling x10  
  79  5:07  Ravager x2  
  79  5:08  Ravager  
  79  5:13  Ravager  
  79  5:14  Zergling x2  
  84  5:19  Overlord  
  84  5:21  Drone x2  
  86  5:32  Overlord  
  86  5:35  Roach x2  
  88  5:40  Overlord  
  88  5:47  Drone x7  
  95  5:57  Ravager x2  
  95  5:58  Zergling x10  
  95  6:01  Extractor  
  95  6:02  Extractor  
  95  6:03  Spine Crawler, Overlord  
  99  6:14  Drone x7  
  101  6:27  Overlord  
  101  6:30  Drone x7  
  101  6:31  Extractor  
  105  6:34  Lair  
  105  6:35  Extractor  
  105  6:37  Drone x5  
  108  6:51  Hatchery  
  108  6:52  Drone  
  108  6:53  Drone x5, Baneling Nest  
  111  7:05  Roach  
  111  7:06  Roach x7  
  108  7:14  Overlord  
  95  7:17  Roach x2  
  96  7:28  Roach x4, Zergling x2  
  96  7:29  Zergling x8  
  109  7:36  Zergling x8  
  113  7:42  Zergling x4  
  111  7:51  Glial Reconstitution  
  111  7:52  Drone x2, Spire  
  111  7:53  Centrifical Hooks  
  111  7:54  Infestation Pit  
  111  7:57  Zergling x14  
  118  8:08  Drone x7  
  118  8:11  Overlord  
  118  8:12  Queen  
  123  8:16  Overlord x3  
  124  8:21  Overseer  
  124  8:24  Overseer  
  122  8:34  Extractor  
  122  8:35  Drone x4  
  122  8:38  Extractor  
  122  8:39  Ravager x4  
  127  8:42  Roach x10  
  127  8:46  Ravager x6  
  153  8:54  Zergling x16  
  152  9:13  Corruptor  
  152  9:15  Overlord x6  
  154  9:23  Baneling x6  
  154  9:31  Hatchery  
  151  9:45  Corruptor x4  
  145  9:52  Corruptor x2  
  155  9:55  Overlord  
  155  9:56  Ravager  
  155  9:57  Zergling x2  
  154  10:03  Baneling x5  
  154  10:04  Baneling  
  153  10:07  Zergling x10  
  157  10:14  Baneling x6  
  157  10:20  Roach x4  
  148  10:23  Zergling x6  
  136  10:29  Zergling x10  
  122  10:35  Roach x3  
Show
View Real Time Build Order
Export as new Build Order

Cyan Protoss - Winner!

Build Orders: 1 Gate Expand, Mass Adepts 

Get SALT Encoding   

  12  0:00  Probe  
  13  0:12  Probe  
  14  0:19  Pylon  
  14  0:24  Probe  
  15  0:37  Probe (Chrono Boost)  
  15  0:39  Gateway  
  16  0:46  Probe (Chrono Boost)  
  17  0:50  Assimilator  
  17  0:51  Probe  
  18  1:03  Probe  
  19  1:15  Probe  
  20  1:25  Nexus  
  20  1:36  Cybernetics Core  
  20  1:38  Probe  
  21  1:43  Assimilator  
  21  1:51  Probe  
  21  1:52  Pylon  
  22  2:03  Adept, Probe (Chrono Boost)  
  23  2:12  Warp Gate  
  23  2:15  Probe (Chrono Boost)  
  27  2:23  Twilight Council, Probe (Chrono Boost)  
  27  2:29  Probe  
  27  2:31  Stalker (Chrono Boost)  
  30  2:38  Probe  
  30  2:41  Probe  
  32  2:50  Probe  
  33  2:52  Robotics Facility  
  33  2:53  Probe  
  35  3:05  Probe  
  35  3:07  Gateway  
  35  3:08  Adept, Probe  
  38  3:17  Probe  
  39  3:21  Resonating Glaives (Chrono Boost)  
  39  3:22  Probe  
  39  3:26  Gateway  
  40  3:29  Gateway  
  40  3:31  Probe  
  41  3:37  Warp Prism (Chrono Boost)  
  43  3:42  Probe  
  43  3:44  Probe  
  43  3:47  Pylon  
  45  3:54  Shield Battery, Probe  
  46  4:02  Pylon  
  46  4:05  Observer (Chrono Boost), Probe  
  46  4:06  Adept  
  46  4:09  Adept  
  52  4:10  Probe  
  52  4:15  Assimilator  
  52  4:16  Pylon  
  53  4:17  Probe  
  53  4:22  Probe  
  55  4:31  Adept x3  
  57  4:35  Adept  
  57  4:36  Probe  
  64  4:38  Pylon  
  64  4:40  Probe  
  64  4:43  Assimilator  
  65  4:46  Shield Battery  
  65  4:52  Robotics Bay  
  65  4:55  Adept x2  
  65  4:59  Adept x2  
  73  5:04  Pylon  
  73  5:08  Probe x2  
  75  5:24  Adept x4  
  75  5:27  Pylon  
  83  5:36  Probe x2  
  83  5:37  Pylon  
  83  5:40  Disruptor (Chrono Boost)  
  85  5:46  Gravitic Drive (Chrono Boost)  
  84  5:54  Gateway  
  84  5:55  Gateway  
  84  5:56  Adept x2  
  88  5:58  Stalker  
  88  5:59  Pylon  
  90  6:04  Adept  
  92  6:24  Disruptor (Chrono Boost)  
  79  6:27  Nexus  
  79  6:28  Pylon  
  79  6:36  Probe x2  
  81  6:44  Adept x2  
  81  6:45  Adept  
  87  6:48  Probe  
  87  6:49  Adept x2  
  87  6:52  Colossus (Chrono Boost), Adept  
  84  7:10  Adept x3  
  84  7:12  Adept x2  
  86  7:20  Gateway  
  86  7:21  Gateway  
  84  7:27  Probe x2  
  86  7:32  Sentry x5  
  96  7:39  Probe  
  96  7:41  Probe  
  98  7:46  Colossus (Chrono Boost)  
  98  7:48  Probe  
  105  7:55  Probe x2  
  105  7:58  Forge  
  107  8:00  Probe  
  107  8:03  Blink (Chrono Boost)  
  108  8:11  Probe x2  
  110  8:15  Probe  
  110  8:17  Assimilator  
  110  8:18  Shield Battery  
  110  8:19  Pylon  
  109  8:22  Assimilator  
  109  8:31  Stalker x3  
  109  8:32  Stalker  
  117  8:34  Disruptor (Chrono Boost)  
  117  8:36  Protoss Ground Weapons Level 1 (Chrono Boost)  
  122  8:42  Pylon  
  122  8:43  Pylon  
  120  8:51  Stalker x2  
  120  8:52  Stalker  
  124  9:07  Stalker  
  124  9:08  Stalker x3  
  130  9:10  Disruptor (Chrono Boost)  
  124  9:29  Stalker x2  
  128  9:32  Photon Cannon  
  128  9:34  Disruptor, Pylon  
  128  9:42  Adept  
  129  9:51  Stalker  
  129  9:52  Stalker x6  
  140  10:06  Stalker  
  142  10:10  Disruptor  
  143  10:22  Stalker x6  
  143  10:27  Stalker  
  137  10:37  Stalker  
  135  10:46  Stalker x2  
  135  10:49  Stalker  
  141  10:50  Adept  
  141  10:54  Nexus  
  141  10:55  Pylon  
Tags
 
Add a new tag
Caveats
  • Supply blocks, unpowered buildings, or Contaminate may cause inaccurate times.
  • Supply counts are checked every 10 seconds.